 Dungeon Crawl Stone Soup version 0.21.1-1-g345015fe64 (webtiles) character file.

43847 Lentor the Fencer (level 13, -2/166 HPs)
             Began as a Minotaur Berserker on June 23, 2018.
             Was a High Priest of Trog.
             Slain by a death yak (15 damage)
             ... on level 6 of the Lair of Beasts.
             The game lasted 00:38:42 (20400 turns).

Lentor the Fencer (Minotaur Berserker)             Turns: 20400, Time: 00:38:42

Health: -2/166     AC: 11    Str: 26    XL:     13   Next: 93%
Magic:  0/12       EV: 17    Int:  7    God:    Trog [*****.]
Gold:   1225       SH:  0    Dex: 14    Spells: 12/12 levels left

rFire    . . .     SeeInvis +   m - +6 great sword (drain)
rCold    . . .     Gourm    +   (shield currently unavailable)
rNeg     + + .     Faith    .   o - +1 ring mail {rN+}
rPois    .         Spirit   +   E - +1 hat {Int+3}
rElec    .         Reflect  .   s - scarf {Spirit}
rCorr    +         Harm     .   p - +0 pair of gloves
MR       .....                  (no boots)
Stlth    ..........             D - amulet of the gourmand
HPRegen  0.37/turn              g - ring of resist corrosion
MPRegen  0.13/turn              F - ring of positive energy

@: berserking, very quick
A: retaliatory headbutt, horns 2, see invisible, frail 1, weak 1, subdued magic
1
a: Berserk, Trog's Hand, Brothers in Arms, Burn Spellbooks, Renounce Religion


You were on level 6 of the Lair of Beasts.
You worshipped Trog.
Trog was extremely pleased with you.
You were full.

You visited 3 branches of the dungeon, and saw 18 of its levels.
You also visited: Ossuary and Ice Cave.

You collected 1225 gold pieces.

Inventory:

Hand Weapons
 m - a +6 great sword of draining (weapon)
Armour
 o - a +1 ring mail of positive energy (worn)
 p - a +0 pair of gloves (worn)
 s - a scarf of spirit shield (worn)
 E - a +1 hat of intelligence (worn)
Jewellery
 g - a ring of resist corrosion (left hand)
 D - an amulet of the gourmand (around neck)
 F - a ring of positive energy (right hand)
 L - an uncursed ring of ice
 N - an uncursed ring of see invisible {unknown}
Wands
 r - a wand of disintegration (10)
 A - a wand of enslavement (12)
 C - a wand of polymorph (5)
 I - a wand of acid (17)
 K - a wand of clouds (6)
Scrolls
 a - 2 scrolls of holy word {unknown}
 b - 16 scrolls of teleportation
 h - 2 scrolls of magic mapping
 i - 4 scrolls of fog
 k - 5 scrolls of fear
 l - 7 scrolls of remove curse
 u - 2 scrolls of vulnerability {unknown}
 y - 5 scrolls of blinking
 z - 7 scrolls of identify
 G - a scroll of torment {unknown}
 J - a scroll of enchant armour {unknown}
 O - a scroll of brand weapon {unknown}
Potions
 d - 2 potions of berserk rage
 e - 3 potions of might
 f - 2 potions of lignification
 j - 8 potions of flight
 n - 6 potions of ambrosia
 q - 3 potions of heal wounds
 t - 2 potions of agility
 v - 8 potions of curing
 w - 4 potions of magic
 x - 4 potions of brilliance
 B - 2 potions of resistance {unknown}
Books
 M - a Young Poisoner's Handbook

   Spells                             Type                      Level
   a - Sting                          Conjuration/Poison           1
   b - Poisonous Vapours              Poison/Air                   2
   c - Mephitic Cloud                 Conjuration/Poison/Air       3
   d - Olgreb's Toxic Radiance        Poison                       4
   e - Venom Bolt                     Conjuration/Poison           5
   Trog disapproves of the use of such an item.
Miscellaneous
 H - a phial of floods
Comestibles
 c - 25 rations


   Skills:
 + Level 14.2 Fighting
 + Level 19.3 Long Blades
 + Level 11.4 Armour
 + Level 9.3 Dodging
 + Level 0.8 Evocations


You had 12 spell levels left.
You didn't know any spells.

Dungeon Overview and Level Annotations

Branches:
Dungeon (11/15)            Temple (1/1) D:4            Lair (6/6) D:11
  Swamp (0/4) Lair:3        Snake (0/4) Lair:3          Orc (0/2) D:9
  Slime: Lair:5-6

Altars:
Ashenzari
Cheibriados
Dithmenos
Elyvilon
Fedhas
Gozag
Hepliaklqana
Kikubaaqudgha
Makhleb
Nemelex Xobeh
Okawaru
Qazlal
Ru
Sif Muna
Trog
Uskayaw
Vehumet
Wu Jian
Xom
Yredelemnul
Zin
The Shining One

Shops:
D:9 (   D:10 %

Portals:
Trove: D:10 (give 13 potions of heal wounds)


Innate Abilities, Weirdness & Mutations

You reflexively headbutt those who attack you in melee.
You have a pair of horns on your head.
You have supernaturally acute eyesight. (SInv)
You are frail. (-10% HP)
You are weak. (Str -2)
Your spells are a little easier to cast, but a little less powerful.


Message History

The death yak completely misses you.
You riposte.
You slash the death yak! You headbutt the death yak.
The death yak is moderately wounded.
You slash the death yak!
The death yak is severely wounded.
The death yak gores you!! x2
* * * LOW HITPOINT WARNING * * *
A red film seems to cover your vision as you go berserk!
You feel yourself moving faster!
You feel mighty! The death yak gores you!
* * * LOW HITPOINT WARNING * * *
The death yak gores you.
* * * LOW HITPOINT WARNING * * *
You slice the death yak!!
You kill the death yak!
Trog accepts your kill.
You cut the death yak into ribbons!!! You headbutt the death yak.
The death yak is severely wounded.
You hear a howl!
The death yak gores you!
You die...

### #### ###.###### #
#P.######..##..##. #.
#...#.........#..#
####..#†#..........(...#
.<.....@...............#
......Y................[
............#...........
............P...........
........................
$..##.....##............
... #....###...........#
.. ##.... #..........##
.........#.##


You could see a death yak.

Vanquished Creatures
  Fannar (Lair:2)
  A death knight (D:11)
  3 hydras
  3 centaur warriors (D:9)
  3 two-headed ogres
  3 death yaks
  Urug (D:10)
  Nergalle (Lair:2)
  A skeletal warrior (D:11)
  The ghost of Greboboi the Shield-Bearer, a novice GnFi of Cheibriados (D:6)
  2 ugly things (D:11)
  2 manticores
  A cyclops (D:11)
  Maurice (D:10)
  2 black mambas
  6 elephants (Lair:6)
  3 spiny frogs
  2 gargoyles (D:11)
  A torpor snail (Lair:4)
  The ghost of Eurus the Stinger, a novice NaVM of Cheibriados (D:3)
  The ghost of WobbleTop the Sneak, a novice DsSk of Uskayaw (D:5)
  A kobold demonologist (D:11)
  9 komodo dragons
  2 freezing wraiths (D:11)
  2 ice devils (Lair:1)
  3 trolls
  The ghost of Jyngge the Chopper, an amateur MiFi (D:4)
  A polar bear (Lair:3)
  Prince Ribbit (D:6)
  8 blink frogs
  A slime creature (D:9)
  6 hippogriffs
  20 yaks
  A wraith (D:11)
  4 basilisks
  A steam dragon (D:10)
  A soldier ant (D:11)
  2 nagas (Lair:3)
  Edmund (D:4)
  12 water moccasins
  7 porcupines
  3 ice beasts
  An eye of draining (D:11)
  2 black bears
  7 orc warriors
  4 centaurs
  An ogre (D:9)
  An ogre (shapeshifter) (D:9)
  41 wolves
  6 crocodiles
  4 big kobolds
  17 bullfrogs
  2 wyvern zombies (Ossuary)
  2 scorpions (D:5)
  A water moccasin skeleton (D:8)
  14 killer bees
  4 howler monkeys
  4 electric eels
  2 centaur zombies
  3 crimson imps
  4 bullfrog zombies
  19 orc wizards
  A bullfrog skeleton (D:11)
  A gnoll shaman (D:9)
  4 hounds
  8 orc priests
  4 jellies
  A centaur skeleton (D:5)
  4 iguanas
  Terence (D:3)
  7 worker ants
  A killer bee zombie (D:5)
  2 hound zombies
  A hound skeleton (D:5)
  16 mummies (Ossuary)
  3 worker ant zombies (Ossuary)
  11 adders
  8 gnolls
  2 shadow imps
  2 adder zombies (Ossuary)
  2 adder skeletons
  5 worms
  2 dart slugs
  6 leopard geckos
  47 orcs
  3 giant cockroaches
  7 hobgoblins
  4 jackals (D:1)
  5 quokkas
  2 ball pythons
  7 bats
  2 frilled lizards (D:2)
  2 giant cockroach zombies (Ossuary)
  13 goblins
  2 jackal zombies
  24 kobolds
  A leopard gecko skeleton (D:4)
  A leopard gecko zombie (Ossuary)
  4 quokka zombies (Ossuary)
  6 rats
  A plant (Lair:6)
489 creatures vanquished.

Vanquished Creatures (collateral kills)
  Harold (D:10)
  A hydra (Lair:3)
  An ugly thing (D:11)
  2 kobold demonologists (D:11)
  A troll (D:9)
  A hippogriff (Lair:3)
  A naga (Lair:3)
  3 orc warriors (D:9)
  A centaur (D:11)
  15 orcs
  6 kobolds (D:11)
33 creatures vanquished.

Vanquished Creatures (others)
  7 fungi
  A plant (Lair:6)
  4 withered plants (Ossuary)
12 creatures vanquished.

Grand Total: 534 creatures vanquished

Notes
Turn   | Place    | Note
-------+----------+-------------------------------------------
     0 | D:1      | Lentor the Minotaur Berserker began the quest for the Orb.
     0 | D:1      | Reached XP level 1. HP: 19/19 MP: 0/0
    29 | D:1      | Reached XP level 2. HP: 16/27 MP: 1/1
   170 | D:1      | Reached skill level 4 in Long Blades
  1007 | D:2      | Reached XP level 3. HP: 22/33 MP: 2/2
  1271 | D:2      | Reached ** piety under Trog
  1467 | D:2      | Reached XP level 4. HP: 40/41 MP: 3/3
  2145 | D:3      | Noticed Eurus's ghost (novice NaVM)
  2156 | D:3      | Killed Eurus's ghost
  2156 | D:3      | Reached skill level 5 in Fighting
  2156 | D:3      | Reached skill level 6 in Long Blades
  2156 | D:3      | Reached XP level 5. HP: 48/50 MP: 4/4
  2156 | D:3      | Reached XP level 6. HP: 54/57 MP: 5/5
  2304 | D:3      | Noticed Terence
  2312 | D:3      | Killed Terence
  2397 | D:3      | Found an iron altar of Okawaru.
  2400 | D:3      | Found a stormy altar of Qazlal.
  2681 | D:4      | Noticed Jyngge's ghost (amateur MiFi)
  3080 | D:4      | Killed Jyngge's ghost
  3080 | D:4      | Reached skill level 7 in Long Blades
  3080 | D:4      | Reached XP level 7. HP: 42/64 MP: 6/6
  3121 | D:4      | Reached *** piety under Trog
  3342 | D:4      | Found a shimmering altar of Xom.
  3359 | D:4      | Found a shattered altar of Ashenzari.
  3369 | D:4      | Found a staircase to the Ecumenical Temple.
  3405 | Temple   | Entered the Ecumenical Temple
  3560 | D:4      | Noticed Edmund
  3572 | D:4      | Killed Edmund
  3707 | D:4      | Reached skill level 8 in Long Blades
  3802 | D:4      | Reached XP level 8. HP: 69/71 MP: 7/7
  3857 | D:5      | Entered Level 5 of the Dungeon
  3959 | D:5      | Noticed WobbleTop's ghost (novice DsSk)
  3968 | D:5      | Killed WobbleTop's ghost
  3968 | D:5      | Reached skill level 5 in Armour
  3968 | D:5      | Reached skill level 5 in Dodging
  4131 | D:5      | Found a hide-covered altar of Uskayaw.
  4131 | D:5      | Found a shadowy altar of Dithmenos.
  4520 | D:5      | Reached skill level 9 in Long Blades
  4986 | D:6      | Reached **** piety under Trog
  5005 | D:6      | Found a sand-covered staircase.
  5019 | Ossuary  | Entered an ossuary
  5068 | Ossuary  | Reached XP level 9. HP: 49/81 MP: 8/8
  5683 | Ossuary  | Reached skill level 10 in Long Blades
  5689 | Ossuary  | Reached ***** piety under Trog
  5896 | D:6      | Noticed Greboboi's ghost (novice GnFi)
  5902 | D:6      | Noticed Prince Ribbit
  5913 | D:6      | Killed Greboboi's ghost
  5943 | D:6      | Killed Prince Ribbit
  5943 | D:6      | Reached skill level 11 in Long Blades
  6267 | D:6      | Found a sparkling altar of Nemelex Xobeh.
  6268 | D:6      | Found a deep blue altar of Sif Muna.
  7012 | D:7      | Reached XP level 10. HP: 5/91 MP: 1/9
  7406 | D:7      | Reached skill level 12 in Long Blades
  7767 | D:7      | Received a gift from Trog
  8222 | D:8      | Found a shattered altar of Ashenzari.
  8812 | D:8      | Identified a scroll of acquirement
  9042 | D:8      | Noticed a two-headed ogre
  9046 | D:8      | Killed a two-headed ogre
  9046 | D:8      | Reached skill level 13 in Long Blades
  9407 | D:9      | Reached skill level 10 in Fighting
  9413 | D:9      | Found Gicuh's Weapon Shop.
  9726 | D:9      | Found a staircase to the Orcish Mines.
  9982 | D:9      | Noticed a manticore
  9990 | D:9      | Killed a manticore
  9990 | D:9      | Reached XP level 11. HP: 63/100 MP: 6/10
 10014 | D:9      | Noticed a centaur warrior
 10025 | D:9      | Killed a centaur warrior
 10025 | D:9      | Reached skill level 14 in Long Blades
 10283 | D:9      | Noticed a centaur warrior
 10283 | D:9      | Noticed a centaur warrior
 10680 | D:9      | Killed a centaur warrior
 10702 | D:9      | Killed a centaur warrior
 11011 | D:9      | Got a bloodstained scale mail
 11027 | D:9      | Identified the cursed +0 scale mail of the Queen {rElec} (You found it on level 9 of the Dungeon)
 11100 | D:10     | Entered Level 10 of the Dungeon
 11114 | D:10     | Found a portal to a secret trove of treasure.
 11230 | D:10     | Received a gift from Trog
 11271 | D:10     | Found Piemo's Food Boutique.
 11499 | D:10     | Noticed Maurice
 11504 | D:10     | Killed Maurice
 11521 | D:10     | Noticed Urug
 11529 | D:10     | Killed Urug
 11794 | D:10     | Noticed Harold
 11800 | D:10     | Killed Harold
 11800 | D:10     | Reached skill level 15 in Long Blades
 12087 | D:11     | Noticed a red ugly thing
 12095 | D:11     | Noticed a two-headed ogre
 12100 | D:11     | Killed a two-headed ogre
 12300 | D:11     | Noticed a red ugly thing
 12309 | D:11     | Killed a red ugly thing
 12324 | D:11     | Reached skill level 10 in Armour
 12551 | D:11     | Found a staircase to the Lair.
 12553 | D:11     | Noticed a death knight
 12553 | D:11     | Noticed a skeletal warrior
 12896 | D:11     | Reached XP level 12. HP: 110/110 MP: 11/11
 12898 | D:11     | Noticed a two-headed ogre
 12903 | D:11     | Killed a two-headed ogre
 13003 | D:11     | Reached skill level 16 in Long Blades
 13569 | D:11     | Killed a death knight
 14111 | Lair:1   | Entered Level 1 of the Lair of Beasts
 14424 | Lair:1   | Found a frozen archway.
 14433 | Lair:1   | HP: 7/169 [ice devil (8)]
 14437 | Lair:1   | Reached skill level 17 in Long Blades
 14506 | IceCv    | Entered an ice cave
 15837 | Lair:2   | Noticed Fannar
 15851 | Lair:2   | Killed Fannar
 15910 | Lair:2   | Gained mutation: You are weak. (Str -2) [potion of mutation]
 15910 | Lair:2   | Gained mutation: You are partially covered in yellow scales. (AC +2) [potion of mutation]
 15911 | Lair:2   | Lost mutation: You are weak. (Str -2) [potion of mutation]
 15911 | Lair:2   | Lost mutation: You are partially covered in yellow scales. (AC +2) [potion of mutation]
 15911 | Lair:2   | Gained mutation: You are frail. (-10% HP) [potion of mutation]
 15911 | Lair:2   | Gained mutation: Your spells are a little easier to cast, but a little less powerful. [potion of mutation]
 15911 | Lair:2   | Gained mutation: You are weak. (Str -2) [potion of mutation]
 15911 | Lair:2   | Gained mutation: You have supernaturally acute eyesight. (SInv) [potion of mutation]
 16289 | Lair:2   | Noticed Nergalle
 16294 | Lair:2   | Killed Nergalle
 16618 | Lair:3   | Received a gift from Trog
 16618 | Lair:3   | Reached XP level 13. HP: 109/109 MP: 12/12
 17163 | Lair:3   | Reached skill level 18 in Long Blades
 17166 | Lair:3   | Found a staircase to the Swamp.
 17186 | Lair:3   | Found a staircase to the Snake Pit.
 19675 | Lair:6   | Entered Level 6 of the Lair of Beasts
 19736 | Lair:6   | Reached skill level 19 in Long Blades
 20400 | Lair:6   | Slain by a death yak

Skill      XL: |  1  2  3  4  5  6  7  8  9 10 11 12 13 |
---------------+----------------------------------------+-----
Fighting       | 4 5 6 7 9 10 11 13 14 | 14.2
Long Blades    | 4 6 7 8 9 11 13 15 17 19 | 19.3
Dodging        | 4 5 6 7 8 9 |  9.3
Armour         | 3 4 6 8 9 10 11 | 11.4
Evocations     | |  0.8

Action                   |  1- 3 |  4- 6 |  7- 9 | 10-12 | 13-15 || total
-------------------------+-------+-------+-------+-------+-------++-------
Melee: Falchion          |    73 |   102 |   366 |       |       ||   541
       Headbutt          |     9 |    20 |    99 |    95 |    64 ||   287
       Great sword       |       |       |       |   386 |   218 ||   604
       Long sword        |       |       |       |    39 |       ||    39
Invok: Burn Spellbooks   |     1 |       |     1 |     2 |       ||     4
       Berserk           |       |     2 |     6 |     9 |     6 ||    23
       Brothers in Arms  |       |       |       |     8 |     1 ||     9
Evoke: Phial of floods   |       |       |       |     1 |       ||     1
  Use: Scroll            |       |       |    17 |     9 |       ||    26
       Potion            |       |       |       |     5 |       ||     5
 Stab: Sleeping          |     1 |       |       |       |       ||     1
  Eat: Chunk             |     2 |     5 |    10 |    33 |    24 ||    74
       Ration            |       |       |     3 |     3 |       ||     6
Armor: Animal skin       |    13 |     9 |       |       |       ||    22
       Ring mail         |       |    15 |    79 |   127 |    49 ||   270
Dodge: Dodged            |    50 |    59 |   163 |   358 |   208 ||   838
       Rpst.: Falchion   |    14 |    13 |    52 |       |       ||    79
       Great sword       |       |       |       |    83 |    58 ||   141
       Long sword        |       |       |       |     4 |       ||     4
